[ AOE2 MATCH · #493840050 ]
UnrankedBritons vs Tupi
Player's team · LOSS
Rival team · WIN
[ REPLAY ANALYSIS · EXTRACTED FROM THE RECORDED GAME ]
Feudal
10:02
Castle
—
Imperial
—
| APM avg | 36.4 |
| APM peak | 67 |
| eAPM avg | 16.2 |
| Villagers / military | 51 / 13 |
Focus
⚔️ 20.8% · 🌾 79.2%
Skirmisher ×7 · Archer ×4 · Scout Cavalry ×2
Feudal
9:53
Castle
22:51
Imperial
—
| APM avg | 64.3 |
| APM peak | 100 |
| eAPM avg | 30.7 |
| Villagers / military | 120 / 3 |
Focus
⚔️ 49.0% · 🌾 51.0%
Unknown (2550) ×10 · Skirmisher ×3
Match map
Initial resources + every placement click. Lines = walls · curves = elevation contours. ◆ gold · ⬟ stone · ● berries · ✦ relic · ◌ wall gap
Your base· Open — unwalled flank
DSLG | GabrieL's base· Open — 5t gap
Smoothed initial terrain · ◌ = detected wall gap · hover for details
Inputs per minute
— Apis - - DSLG | GabrieL
Build order — Apis
124 actions detected in the replay
| 0:01 | Create | Villager (Male) |
| 0:01 | Create | Villager (Male) |
| 0:01 | Create | Villager (Male) |
| 0:02 | Create | Villager (Male) |
| 0:03 | Build | House |
| 0:05 | Build | House |
| 1:18 | Create | Villager (Male) |
| 1:18 | Create | Villager (Male) |
| 1:52 | Create | Villager (Male) |
| 2:02 | Build | Lumber Camp |
| 2:06 | Create | Villager (Male) |
| 2:27 | Create | Villager (Male) |
| 2:50 | Create | Villager (Male) |
| 3:09 | Create | Villager (Male) |
| 3:22 | Create | Villager (Male) |
| 3:54 | Create | Villager (Male) |
| 4:20 | Build | House |
| 4:35 | Build | Mill |
| 4:37 | Create | Villager (Male) |
| 4:41 | Create | Villager (Male) |
| 4:44 | Build | House |
| 5:15 | Create | Villager (Male) |
| 5:42 | Create | Villager (Male) |
| 6:07 | Create | Villager (Male) |
| 6:21 | Build | Mill |
| 6:21 | Create | Villager (Male) |
| 6:50 | Research | Loom |
| 7:24 | Build | Farm |
| 7:26 | Build | Farm |
| 7:26 | Build | Farm |
| 7:52 | Research | Feudal Age |
| 8:32 | Build | Mining Camp |
| 8:44 | Build | House |
| 9:31 | Build | Barracks |
| 9:46 | Create | Villager (Male) |
| 9:48 | Create | Villager (Male) |
| 10:02 | Age | Feudal Age |
| 10:07 | Create | Villager (Male) |
| 10:41 | Build | Archery Range |
| 11:13 | Build | Watch Tower |
| 11:17 | Create | Villager (Male) |
| 11:18 | Create | Villager (Male) |
| 11:24 | Create | Villager (Male) |
| 11:24 | Create | Villager (Male) |
| 11:25 | Create | Villager (Male) |
| 11:39 | Create | Villager (Male) |
| 11:47 | Create | Archer |
| 11:48 | Create | Archer |
| 12:03 | Create | Villager (Male) |
| 12:15 | Create | Villager (Male) |
| 12:22 | Create | Villager (Male) |
| 12:40 | Research | Double-Bit Axe |
| 12:50 | Create | Villager (Male) |
| 12:55 | Build | House |
| 13:18 | Build | Mining Camp |
| 13:20 | Create | Villager (Male) |
| 13:31 | Create | Villager (Male) |
| 14:00 | Create | Villager (Male) |
| 14:04 | Create | Villager (Male) |
| 14:36 | Create | Villager (Male) |
| 14:52 | Create | Villager (Male) |
| 14:56 | Build | House |
| 15:06 | Build | Market |
| 15:46 | Build | Lumber Camp |
| 15:58 | Build | Lumber Camp |
| 16:31 | Create | Skirmisher |
| 16:32 | Create | Skirmisher |
| 16:32 | Create | Skirmisher |
| 16:53 | Build | Farm |
| 16:56 | Build | Farm |
| 17:01 | Build | Farm |
| 17:20 | Build | Farm |
| 17:22 | Build | House |
| 17:23 | Build | House |
| 17:35 | Create | Villager (Male) |
| 17:48 | Build | Farm |
| 18:05 | Build | Blacksmith |
| 18:15 | Build | Farm |
| 18:22 | Create | Archer |
| 18:22 | Create | Archer |
| 18:35 | Create | Villager (Male) |
| 18:40 | Build | Farm |
| 18:41 | Build | Farm |
| 18:50 | Research | Fletching |
| 18:51 | Research | Fletching |
| 19:08 | Build | Farm |
| 19:22 | Build | Farm |
| 19:22 | Build | Farm |
| 19:27 | Create | Villager (Male) |
| 19:31 | Build | Farm |
| 19:32 | Build | Farm |
| 19:44 | Create | Villager (Male) |
| 19:47 | Build | Farm |
| 19:48 | Build | Farm |
| 19:56 | Create | Villager (Male) |
| 20:06 | Build | Farm |
| 20:08 | Build | Farm |
| 20:11 | Build | Palisade Wall |
| 20:12 | Build | Palisade Wall |
| 20:15 | Build | Palisade Wall |
| 20:33 | Build | Watch Tower |
| 20:41 | Create | Skirmisher |
| 20:41 | Create | Skirmisher |
| 20:42 | Create | Skirmisher |
| 20:42 | Create | Villager (Male) |
| 20:43 | Create | Villager (Male) |
| 20:43 | Create | Villager (Male) |
| 20:46 | Build | Farm |
| 20:47 | Build | Farm |
| 20:58 | Create | Villager (Male) |
| 20:58 | Create | Villager (Male) |
| 21:09 | Build | Farm |
| 21:14 | Build | Stable |
| 21:35 | Build | House |
| 21:39 | Create | Skirmisher |
| 21:45 | Create | Scout Cavalry |
| 21:45 | Create | Scout Cavalry |
| 21:51 | Build | Farm |
| 22:05 | Build | House |
| 22:07 | Build | House |
| 22:08 | Build | House |
| 22:41 | Create | Villager (Male) |
| 22:53 | Create | Villager (Male) |
| 22:53 | Create | Villager (Male) |
Build order — DSLG | GabrieL
First 150 of 167 actions detected
| 0:00 | Create | Villager (Male) |
| 0:01 | Build | House |
| 0:03 | Build | Barracks |
| 0:09 | Create | Villager (Male) ×3 |
| 0:13 | Build | Barracks |
| 0:45 | Build | House |
| 1:00 | Create | Villager (Male) |
| 1:00 | Create | Villager (Male) |
| 1:09 | Create | Unit 2550 |
| 1:10 | Create | Unit 2550 |
| 1:41 | Create | Villager (Male) |
| 1:41 | Create | Villager (Male) |
| 1:41 | Create | Villager (Male) |
| 2:08 | Create | Villager (Male) |
| 2:09 | Create | Villager (Male) |
| 2:36 | Create | Villager (Male) |
| 2:56 | Create | Villager (Male) |
| 2:57 | Create | Villager (Male) |
| 3:12 | Create | Villager (Male) |
| 3:12 | Create | Villager (Male) |
| 3:54 | Create | Villager (Male) ×2 |
| 3:55 | Create | Villager (Male) ×2 |
| 4:02 | Build | House |
| 4:09 | Create | Villager (Male) |
| 4:16 | Create | Villager (Male) |
| 5:06 | Create | Villager (Male) |
| 5:06 | Create | Villager (Male) |
| 5:47 | Create | Villager (Male) ×4 |
| 5:47 | Create | Villager (Male) ×4 |
| 5:52 | Build | House |
| 6:07 | Create | Villager (Male) ×2 |
| 6:27 | Create | Villager (Male) |
| 6:27 | Create | Villager (Male) |
| 6:28 | Create | Villager (Male) |
| 6:28 | Create | Villager (Male) |
| 6:41 | Create | Villager (Male) ×3 |
| 6:53 | Build | Settlement |
| 7:36 | Research | Feudal Age |
| 8:27 | Research | Loom |
| 8:38 | Build | House |
| 9:25 | Build | House |
| 9:51 | Create | Villager (Male) |
| 9:53 | Age | Feudal Age |
| 9:55 | Build | Settlement |
| 10:02 | Build | Watch Tower |
| 10:03 | Create | Villager (Male) |
| 10:13 | Create | Villager (Male) |
| 10:13 | Create | Villager (Male) |
| 10:20 | Build | Watch Tower |
| 10:28 | Create | Villager (Male) |
| 10:29 | Create | Villager (Male) |
| 10:29 | Create | Villager (Male) ×4 |
| 10:30 | Create | Villager (Male) ×4 |
| 10:38 | Research | Double-Bit Axe |
| 10:38 | Research | Double-Bit Axe |
| 10:39 | Create | Villager (Male) |
| 10:39 | Create | Villager (Male) ×5 |
| 10:40 | Create | Villager (Male) ×4 |
| 10:59 | Build | Palisade Wall |
| 10:59 | Build | Palisade Wall |
| 10:59 | Build | Palisade Wall |
| 11:00 | Build | Palisade Wall |
| 11:00 | Build | Palisade Wall |
| 11:00 | Build | Palisade Wall |
| 11:06 | Build | Palisade Wall |
| 11:06 | Build | Palisade Wall |
| 11:07 | Build | Palisade Wall |
| 11:07 | Build | Palisade Wall |
| 11:07 | Build | Palisade Wall |
| 11:08 | Build | Palisade Wall |
| 11:08 | Create | Villager (Male) |
| 11:39 | Create | Villager (Male) |
| 11:46 | Create | Villager (Male) |
| 12:01 | Build | House |
| 12:04 | Create | Villager (Male) |
| 12:24 | Create | Unit 2550 |
| 12:24 | Create | Unit 2550 |
| 12:30 | Research | Horse Collar |
| 12:30 | Research | Horse Collar |
| 12:31 | Research | Horse Collar |
| 12:42 | Build | House |
| 12:46 | Create | Villager (Male) |
| 12:46 | Create | Villager (Male) ×5 |
| 12:48 | Build | Farm |
| 12:49 | Build | Farm |
| 12:49 | Create | Villager (Male) |
| 13:07 | Create | Villager (Male) |
| 13:17 | Create | Villager (Male) |
| 13:44 | Build | Archery Range |
| 13:52 | Build | House |
| 13:55 | Create | Villager (Male) |
| 14:02 | Build | Farm |
| 14:03 | Build | Farm |
| 14:15 | Build | Farm |
| 14:22 | Build | House |
| 14:23 | Build | Palisade Wall |
| 14:23 | Build | Palisade Wall |
| 14:24 | Build | Palisade Wall |
| 14:27 | Create | Villager (Male) |
| 14:27 | Create | Villager (Male) |
| 14:47 | Create | Skirmisher |
| 14:47 | Create | Skirmisher |
| 14:48 | Create | Villager (Male) |
| 14:48 | Create | Villager (Male) ×4 |
| 14:48 | Create | Villager (Male) ×4 |
| 15:02 | Build | Farm |
| 15:02 | Build | Farm |
| 15:03 | Create | Villager (Male) |
| 15:04 | Create | Villager (Male) |
| 15:31 | Build | Settlement |
| 15:37 | Create | Villager (Male) |
| 15:37 | Create | Villager (Male) |
| 16:02 | Build | House |
| 16:06 | Build | Palisade Gate |
| 16:11 | Build | Farm |
| 16:23 | Create | Villager (Male) |
| 16:23 | Create | Villager (Male) ×4 |
| 16:24 | Create | Villager (Male) ×4 |
| 16:32 | Create | Villager (Male) |
| 16:45 | Create | Villager (Male) ×5 |
| 16:45 | Create | Villager (Male) ×5 |
| 16:51 | Build | Blacksmith |
| 16:52 | Build | Palisade Wall |
| 16:57 | Create | Villager (Male) |
| 16:58 | Create | Villager (Male) |
| 16:59 | Build | Farm |
| 17:02 | Build | Farm |
| 17:04 | Build | Farm |
| 17:05 | Build | Farm |
| 17:15 | Create | Villager (Male) |
| 17:21 | Research | Wheelbarrow |
| 17:21 | Research | Wheelbarrow |
| 17:26 | Create | Villager (Male) |
| 17:45 | Build | Watch Tower |
| 17:48 | Create | Villager (Male) |
| 17:52 | Build | Farm |
| 18:00 | Create | Skirmisher |
| 18:08 | Build | Palisade Wall |
| 18:28 | Build | House |
| 18:43 | Build | Market |
| 18:54 | Build | Outpost |
| 19:26 | Build | Watch Tower |
| 19:41 | Build | House |
| 19:43 | Build | Palisade Wall |
| 20:11 | Research | Castle Age |
| 20:34 | Research | Fletching |
| 20:34 | Research | Fletching |
| 20:56 | Build | Barracks |
| 21:03 | Research | Scale Mail Armor |
| 21:03 | Research | Scale Mail Armor |
Match timeline
| 0:03 | DSLG | GabrieL · first_building Barracks |
| 9:31 | Apis · first_building Barracks |
| 9:53 | DSLG | GabrieL · age_up feudal |
| 10:02 | Apis · age_up feudal |
| 10:41 | Apis · first_building Archery Range |
| 10:59 | DSLG | GabrieL · wall_segment Palisade Wall x2 |
| 10:59 | DSLG | GabrieL · wall_segment Palisade Wall x1 |
| 10:59 | DSLG | GabrieL · wall_segment Palisade Wall x1 |
| 11:00 | DSLG | GabrieL · wall_segment Palisade Wall x2 |
| 11:00 | DSLG | GabrieL · wall_segment Palisade Wall x2 |
| 11:00 | DSLG | GabrieL · wall_segment Palisade Wall x1 |
| 11:06 | DSLG | GabrieL · wall_segment Palisade Wall x1 |
| 11:06 | DSLG | GabrieL · wall_segment Palisade Wall x2 |
| 11:07 | DSLG | GabrieL · wall_segment Palisade Wall x2 |
| 11:07 | DSLG | GabrieL · wall_segment Palisade Wall x2 |
| 11:07 | DSLG | GabrieL · wall_segment Palisade Wall x1 |
| 11:08 | DSLG | GabrieL · wall_segment Palisade Wall x1 |
| 13:44 | DSLG | GabrieL · first_building Archery Range |
| 14:23 | DSLG | GabrieL · wall_segment Palisade Wall x1 |
| 14:23 | DSLG | GabrieL · wall_segment Palisade Wall x1 |
| 14:24 | DSLG | GabrieL · wall_segment Palisade Wall x16 |
| 15:39 | Apis · first_market_sell 100 food |
| 15:44 | Apis · first_market_buy 100 wood |
| 16:52 | DSLG | GabrieL · wall_segment Palisade Wall x7 |
| 18:08 | DSLG | GabrieL · wall_segment Palisade Wall x6 |
| 19:43 | DSLG | GabrieL · wall_segment Palisade Wall x3 |
| 19:47 | DSLG | GabrieL · first_market_buy 100 food |
| 19:51 | DSLG | GabrieL · first_market_sell 100 stone |
| 20:11 | Apis · wall_segment Palisade Wall x1 |
| 20:12 | Apis · wall_segment Palisade Wall x1 |
| 20:15 | Apis · wall_segment Palisade Wall x1 |
| 21:14 | Apis · first_building Stable |
| 21:31 | DSLG | GabrieL · wall_segment Palisade Wall x9 |
| 22:51 | DSLG | GabrieL · age_up castle |
| 23:05 | Apis · resign |
[ AI ANALYSIS · 1 CREDIT ]
What really happened in this match?
Wolo.gg analyzes every decision: build order, eco, micro, common mistakes by bracket. Personalized analysis on WhatsApp or Discord in 30 seconds.
Civ guide
Britons
Perfil
Jugador #574484